 Dungeon Crawl Stone Soup version 0.29-a0-451-gfbfa42419e (console) character file.

Game seed: 4307142320081530353

6465 om the Nimble (level 11, 0/65 HPs)
             Began as a Djinni Air Elementalist on May 19, 2022.
             Was an Initiate of Makhleb.
             Slain by Pikel
             ... wielding a +2 whip of freezing
              (3 damage)
             ... on level 7 of the Dungeon.
             The game lasted 00:49:31 (19431 turns).

om the Nimble (Djinni Air Elementalist)            Turns: 19431, Time: 00:49:32

Health: 0/65       AC:  4    Str: 11    XL:     11   Next: 19%
Gold:   452        EV: 16    Int: 16    God:    Makhleb [......] SH:  0 Dex: 15

rFire   + + +      SeeInvis .   f - +2 dagger (elec)
rCold   x . .      Faith    .   (no shield)
rNeg    . . .      Spirit   .   h - +1 leather armour {rF+}
rPois   ∞          Reflect  .   (no helmet)
rElec   .          Harm     .   (no cloak)
rCorr   .          Rampage  .   (no gloves)
Will    +....                   (boots unavailable)
Stlth   ++++......              (no amulet)
HPRegen 0.20/turn               (no ring)
MPRegen 0.00/turn               (no ring)

@: sluggish, flying, very slow
A: sickness immunity, fire resistance 2, cold vulnerability 1, float, innate
caster, HP casting, extra vitality 1
a: Renounce Religion


You were on level 7 of the Dungeon.
You worshipped Makhleb.
Makhleb was noncommittal.
You visited 2 branches of the dungeon, and saw 9 of its levels.

You collected 452 gold pieces.

Inventory:

Hand Weapons
 d - a +0 dagger of draining
 f - a +2 dagger of electrocution (weapon)
Armour
 h - a +1 leather armour of fire resistance (worn)
Magical Staves
 i - a staff of poison
Jewellery
 a - a ring of see invisible
 b - a +4 ring of evasion
Wands
 k - a wand of paralysis (3)
 n - a wand of flame (21)
 o - a wand of acid (24)
 q - a wand of digging (4)
Scrolls
 c - a scroll of magic mapping
 j - 3 scrolls of identify
 l - a scroll of enchant armour
 m - 3 scrolls of brand weapon {unknown}
 p - a scroll of vulnerability {unknown}
Potions
 e - 2 potions of might
 g - a potion of curing


   Skills:
 - Level 4.0 Short Blades
 + Level 9.5 Dodging
 + Level 7.8 Stealth
 * Level 8.3 Spellcasting


You had 2 spell levels left.
You knew the following spells:

 Your Spells              Type           Power      Damage    Failure   Level
a - Shock                 Conj/Air       100%       1d9       1%          1
b - Static Discharge      Conj/Air       33%        N/A       1%          2
c - Swiftness             Air            33%        N/A       1%          3
d - Airstrike             Air            16%        N/A       4%          4
e - Foxfire               Conj/Fire      100%       2x1d9     1%          1
f - Poisonous Vapours     Pois/Air       66%        N/A       1%          2
g - Ozocubu's Armour      Ice            33%        N/A       1%          3
h - Summon Guardian Gole  Hex/Summ       33%        N/A       1%          3
i - Metabolic Englaciati  Hex/Ice        16%        N/A       13%         5
Your spell library was empty.

Dungeon Overview and Level Annotations

Branches:
Dungeon (8/15)             Temple (1/1) D:7
   Lair: D:8-11

Altars:
Ashenzari
Cheibriados
Dithmenos
Elyvilon
Fedhas
Gozag
Hepliaklqana
Makhleb
Nemelex Xobeh
Okawaru
Qazlal
Ru
Sif Muna
Trog
Uskayaw
Vehumet
Xom
Yredelemnul
The Shining One

Annotations:
D:7 Pikel


Innate Abilities, Weirdness & Mutations

You are immune to sickness and miasma.
You are immune to poison.
Your flesh is very heat resistant. (rF++)
You are vulnerable to cold. (rC-)
You float through the air rather than walking.
You learn spells naturally, not from books.
Your magical power is your life essence.
You have superior vitality. (+4 MHP)


Message History

You feel sluggish.
The water moccasin bites your guardian golem but does no damage.
The water moccasin bites your guardian golem but does no damage.
The water moccasin bites your guardian golem.
The water moccasin bites your guardian golem but does no damage.
The water moccasin bites your guardian golem but does no damage.
The water moccasin bites your guardian golem.
The water moccasin bites your guardian golem but does no damage.
The water moccasin bites your guardian golem.
Pikel says, "Dispater doesn't talk much, but I know they dig me."
Pikel hits you with a +2 whip of freezing.
* * * LOW HITPOINT WARNING * * *
Pikel freezes you.
* * * LOW HITPOINT WARNING * * *
Casting: Summon Guardian Golem (safe; 1% risk of failure)
Confirm with . or Enter, or press ? or * to list all spells.
You don't have enough health to cast this spell.
Pikel hits you but does no damage.
Casting: Summon Guardian Golem (safe; 1% risk of failure)
Confirm with . or Enter, or press ? or * to list all spells.
You don't have enough health to cast this spell.
You feel better. Something bites your guardian golem. Pikel barely misses you.
You feel better.
Something completely misses your guardian golem.
Pikel hits you with a +2 whip of freezing.
* * * LOW HITPOINT WARNING * * *
Pikel freezes you.
* * * LOW HITPOINT WARNING * * *
Casting: Summon Guardian Golem (safe; 1% risk of failure)
Confirm with . or Enter, or press ? or * to list all spells.
A guardian golem appears, shielding your allies.
* * * LOW HITPOINT WARNING * * *
Your guardian golem disappears in a puff of smoke!
Pikel hits you with a +2 whip of freezing!
* * * LOW HITPOINT WARNING * * *
Pikel freezes you.
* * * LOW HITPOINT WARNING * * *
You swap places.
Pikel attacks as you move away!
Pikel hits you with a +2 whip of freezing.
You die...

......#.#.).......#
......#.#.).......#
#####.#.#.........#
.# #.#.#.........#
.## #.#.###..######
..# #.#.# #..## ..#
#.#.###...####
..###.#.#........#
#..##.#.##.#..##.#
#..##[#.##.....#@#
##....#.#####..#K####
.#..#.#.......>.S§..#
.'..#............##.#
##..#.#######..####.#
#...#.##### #.....#9#
#.#.#.....#
##..#.#S####
#.#######.#
##...#h[.h#
#.........#
###.####.#
.......#### #.####.#


You could see Pikel (resistant), a water moccasin (ally target) and a friendly
guardian golem (summoned).

Vanquished Creatures
  Sigmund (D:4)
  Eustachio (D:4)
  A wyvern (D:7)
  2 ice beasts (D:7)
  6 sky beasts
  A black bear (D:7)
  2 ogres
  2 centaurs
  3 lemures
  A phantom (D:7)
  A bullfrog (D:7)
  A kobold brigand (D:6)
  6 necrophages
  4 scorpions
  5 wights
  A howler monkey (D:7)
  A centaur zombie (D:6)
  2 hounds
  A human zombie (D:6)
  8 orc priests
  4 iguanas
  4 orc wizards
  9 gnolls
  6 adders
  2 white imps (D:7)
  An ufetubus (D:7)
  2 worms
  A dart slug (D:1)
  26 orcs
  4 ball pythons
  10 bats
  10 endoplasms
  4 giant cockroaches
  5 hobgoblins
  4 jackals (D:2)
  A quokka (D:4)
  3 frilled lizards
  5 goblins
  11 kobolds
  9 rats
171 creatures vanquished.

Vanquished Creatures (others)
  A two-headed ogre (D:6)
  A hornet (D:6)
  A wyvern (D:7)
  4 vampire mosquitoes (D:6)
  2 ice beasts (D:7)
  A black bear (D:6)
  A hornet zombie (D:6)
  3 centaurs
  2 scorpions (D:6)
  A necrophage (D:5)
  A wyvern zombie (D:6)
  11 wights
  A jelly (D:7)
  An orc wizard (D:6)
  An adder (D:6)
  An orc (D:6)
  76 foxfires
  14 plants (D:5)
123 creatures vanquished.

Grand Total: 294 creatures vanquished

Notes
Turn   | Place    | Note
-------+----------+-------------------------------------------
     0 | D:1      | om the Djinni Air Elementalist began the quest for the Orb.
     0 | D:1      | Reached XP level 1. HP: 15/15 MP: 0/0
   268 | D:1      | Reached XP level 2. HP: 10/21 MP: 0/0
  1092 | D:1      | Reached XP level 3. HP: 23/25 MP: 0/0
  1092 | D:1      | Learned a level 1 spell: Foxfire
  2036 | D:2      | Reached skill level 1 in Short Blades
  2036 | D:2      | Reached XP level 4. HP: 31/31 MP: 0/0
  3351 | D:2      | Reached XP level 5. HP: 34/35 MP: 0/0
  3351 | D:2      | Learned a level 2 spell: Poisonous Vapours
  3966 | D:3      | Reached skill level 3 in Dodging
  4819 | D:3      | Found a hazy altar of Hepliaklqana.
  4825 | D:3      | Found an opulent altar of Gozag.
  4827 | D:3      | Found a bloodstained altar of Trog.
  4950 | D:3      | Reached XP level 6. HP: 22/40 MP: 0/0
  6067 | D:4      | Noticed Sigmund
  6273 | D:4      | Noticed Eustachio
  6722 | D:4      | Killed Sigmund
  6723 | D:4      | Reached XP level 7. HP: 21/45 MP: 0/0
  6723 | D:4      | Learned a level 3 spell: Ozocubu's Armour
  7026 | D:4      | Killed Eustachio
  7027 | D:4      | Reached skill level 4 in Dodging
  7545 | D:4      | Reached XP level 8. HP: 44/50 MP: 0/0
  7938 | D:5      | Entered Level 5 of the Dungeon
  7949 | D:5      | Found a snail-covered altar of Cheibriados.
  7967 | D:5      | Reached skill level 5 in Dodging
  9921 | D:5      | Reached skill level 6 in Dodging
 10366 | D:5      | Reached skill level 5 in Spellcasting
 10366 | D:5      | Reached XP level 9. HP: 32/55 MP: 0/0
 10366 | D:5      | Learned a level 3 spell: Summon Guardian Golem
 10829 | D:6      | Reached skill level 5 in Stealth
 10880 | D:5      | Reached skill level 7 in Dodging
 11119 | D:6      | Paralysed by an orc priest for 4 turns
 11829 | D:6      | Noticed a two-headed ogre
 11852 | D:6      | Killed a two-headed ogre
 11853 | D:6      | Reached XP level 10. HP: 56/60 MP: 0/0
 12036 | D:6      | HP: 1/60 [wyvern zombie (13)]
 12641 | D:6      | Reached skill level 8 in Dodging
 14042 | D:6      | Found a basalt altar of Yredelemnul.
 14692 | D:5      | HP: 3/60 [sky beast (6)]
 16816 | D:7      | Reached skill level 9 in Dodging
 17197 | D:7      | Reached XP level 11. HP: 58/65 MP: 0/0
 17197 | D:7      | Learned a level 5 spell: Metabolic Englaciation
 18108 | D:7      | Found a staircase to the Ecumenical Temple.
 18158 | Temple   | Entered the Ecumenical Temple
 18223 | Temple   | Became a worshipper of Makhleb the Destroyer
 19004 | D:7      | Found a stormy altar of Qazlal.
 19260 | D:8      | Noticed Pikel
 19426 | D:7      | HP: 2/65 [Pikel/+2 whip of freezing (4)]
 19431 | D:7      | Slain by Pikel

Illustrated notes

Levels and vault maps discovered:
D:1:      matt_arrival_grand_opening, layout_loops_ring, minmay_surrounded
D:2:      layout_loops_ring, kennysheep_donut
D:3:      layout_rooms, grunt_temple_overflow_open
D:4:      layout_rooms, uniq_sigmund, uniq_eustachio
D:5:      cheibrodos_helix_gallery, layout_cave_pools,
          mainiacjoe_overflow_24_doors, serial_co_window_serial,
          co_window_paths_b, co_window_paths_a, co_window_cross_1,
          co_window_paths_b, co_window_corner_a, co_window_broadway_c,
          co_window_cross_2, co_window_unsneaky_path_b, co_window_4corner_b,
          serial_bayou_ford_a, ebering_dispersal_statue_hall,
          hangedman_decor_push
D:6:      layout_loops_cross, lemuel_mausoleum_altar_yredelemnul,
          minmay_microvault
D:7:      minmay_s_stair_smasher, layout_basic, mainiacjoe_overflow_chevrons,
          minmay_temple_entry_junction, kennysheep_generic_room_13,
          uniq_menkaure
D:8:      layout_loops_ring, uniq_gastronok, uniq_pikel
Temple:   cyrus_circular_temple

Skill      XL: |  1  2  3  4  5  6  7  8  9 10 11 |
---------------+----------------------------------+-----
Spellcasting   | 3 4 5 6 7 8 |  8.3
Short Blades   | 1 2 3 4 |  4.0
Stealth        | 2 3 4 6 7 |  7.8
Dodging        | 3 4 6 7 9 |  9.5

Action                   |  1- 3 |  4- 6 |  7- 9 | 10-12 || total
-------------------------+-------+-------+-------+-------++-------
Melee: Dagger            |    67 |    94 |     3 |    26 ||   190
       Short sword       |     3 |       |       |       ||     3
       Punch             |       |     1 |     1 |       ||     2
       Staff             |       |       |    43 |    15 ||    58
 Cast: Shock             |    27 |    45 |    23 |    42 ||   137
       Static Discharge  |     1 |    11 |    12 |    51 ||    75
       Foxfire           |     3 |    28 |     7 |     6 ||    44
       Swiftness         |       |     2 |     2 |     4 ||     8
       Poisonous Vapours |       |    12 |    58 |    20 ||    90
       Ozocubu's Armour  |       |       |     2 |       ||     2
       Airstrike         |       |       |     3 |    17 ||    20
       Summon Guardian G |       |       |     9 |    41 ||    50
  Use: Scroll            |     1 |     7 |     1 |     3 ||    12
       Potion            |       |     5 |     1 |     4 ||    10
 Stab: Sleeping          |     2 |     1 |     1 |     2 ||     6
Armor: Robe              |    14 |    27 |    10 |       ||    51
       Leather armour    |       |       |    21 |    39 ||    60
Dodge: Dodged            |    65 |   100 |   102 |   142 ||   409

Table legend: (Time is in decaauts)
 A = Elapsed time spent in this place.
 B = Non-inter-level travel time spent in this place.
 C = Inter-level travel time spent in this place.
 D = Time resting spent in this place.
 E = Time spent auto-exploring this place.
 F = Levels seen in this place.
 G = Mean time per level.
                   A        B        C        D        E       F      G
               +--------+--------+--------+--------+--------+-----+--------+
         Total |  19410 |  18994 |    416 |  11865 |   4525 |   9 | 2156.7 |
       Dungeon |  19230 |  18843 |    387 |  11765 |   4483 |   8 | 2403.8 |
        Temple |    180 |    151 |     29 |    100 |     42 |   1 |  180.0 |
               +--------+--------+--------+--------+--------+-----+--------+

Top non-repeatable levels by time:
     D:6: 3946 daAuts
     D:5: 3823 daAuts
     D:7: 3003 daAuts
     D:4: 2456 daAuts
     D:2: 2366 daAuts
     D:1: 1829 daAuts
     D:3: 1794 daAuts
  Temple: 180 daAuts
     D:8: 9 daAuts
